 Dungeon Crawl Stone Soup version 0.30-a0-918-g0ff054e9dc (webtiles) character file.

Game seed: 16208972803152026632

53721 Iniera the Destroyer (level 14, -6/70 HPs)
             Began as a Vine Stalker Conjurer on Mar 21, 2023.
             Was a High Priest of Vehumet.
             Mangled by Frances
             ... wielding a +0 trident
              (14 damage)
             ... on level 12 of the Dungeon.
             The game lasted 01:00:47 (22090 turns).

Iniera the Destroyer (Vine Stalker Conjurer)       Turns: 22090, Time: 01:00:48

Health: -6/70      AC: 20    Str: 14    XL:     14   Next: 69%
Magic:  0/38       EV: 18    Int: 24    God:    Vehumet [*****.]
Gold:   1872       SH:  7    Dex: 19    Spells: 4/34 levels left

rFire   . . .      SeeInvis .    s - staff of conjuration "Loiroled" {Drain rElec Str+4 Dex+5}
rCold   . . .      Faith    .    u - +1 buckler {reflect}
rNeg    . . .      Spirit   +    E - +3 ring mail of Amorality {Int+2}
rPois   .          Reflect  +    K - +1 helmet of Tudghesum {Regen+}
rElec   +          Rampage  .    q - +2 cloak {Will+}
rCorr   .                        G - +2 pair of gloves
Will    ++...                    n - +2 pair of boots
Stlth   ++                       (no amulet)
HPRegen 1.91/turn                v - ring of magical power
MPRegen 0.26/turn                r - +5 ring of evasion

@: no status effects
A: fangs 3, regeneration 1, magic shield, antimagic bite, no potion heal 2
a: Renounce Religion


You were on level 12 of the Dungeon.
You worshipped Vehumet.
Vehumet was extremely pleased with you.
You visited 3 branches of the dungeon, and saw 18 of its levels.
You also visited: Sewer, Bailey and Gauntlet.

You collected 2565 gold pieces.
You spent 693 gold pieces at shops.

Inventory:

Armour
 n - a +2 pair of boots (worn)
 q - a +2 cloak of willpower (worn)
 u - a +1 buckler of reflection (worn)
 C - a +2 kite shield of reflection
 E - the +3 ring mail of Amorality (worn) {Int+2}
   (You found it in a bailey)

   Int:       It affects your intelligence (+2).
 G - a +2 pair of gloves (worn)
 K - the +1 helmet of Tudghesum (worn) {Regen+}
   (You found it in a Gauntlet)

   Regen:     It increases your rate of health regeneration.
Magical Staves
 s - the staff of conjuration "Loiroled" (weapon) {Drain rElec Str+4 Dex+5}
   (You acquired it on level 9 of the Dungeon)

   [staff of conjuration]

   Base accuracy: +5 Base damage: 5 Base attack delay: 1.2 This weapon's minimum
   attack delay (0.6) is reached at skill level 12.
   It falls into the 'Staves' category.
   It is a one-handed weapon.
Jewellery
 m - a ring of resist corrosion
 r - a +5 ring of evasion (right hand)
 v - a ring of magical power (left hand)
 z - a ring of magical power
Wands
 i - a wand of mindburst (16)
 w - a wand of light (9)
 x - a wand of polymorph (7)
 A - a wand of charming (8)
 B - a wand of flame (41)
 D - a wand of iceblast (6)
 J - a wand of digging (1)
Scrolls
 a - a scroll of blinking
 e - 4 scrolls of enchant armour
 f - 5 scrolls of identify
 k - a scroll of silence
 o - 2 scrolls of fog
 t - 6 scrolls of teleportation
 F - 2 scrolls of fear
 H - 2 scrolls of amnesia
 L - a scroll of summoning
 M - 3 scrolls of magic mapping
Potions
 b - 2 potions of magic
 c - 8 potions of curing
 d - 4 potions of flight
 g - 6 potions of resistance
 h - 6 potions of haste
 j - 2 potions of cancellation
 l - 5 potions of brilliance
 p - 4 potions of lignification
 I - 7 potions of might


   Skills:
 + Level 6.9 Fighting
 * Level 3.4 Staves
 - Level 4.7 Armour
 - Level 5.2 Dodging
 - Level 2.4 Stealth
 - Level 5.8 Shields
 - Level 10.9 Spellcasting
 + Level 14.3 Conjurations
 - Level 4.7 Hexes
 - Level 4.8 Translocations
 - Level 1.2 Transmutations
 + Level 3.6 Fire Magic
 - Level 1.2 Air Magic
 + Level 9.9 Earth Magic
 - Level 1.1 Poison Magic
 + Level 0.5 Evocations


You had 4 spell levels left.
You knew the following spells:

 Your Spells              Type           Power      Damage    Failure   Level
a - Magic Dart            Conj           100%       1d8       1%          1
b - Searing Ray           Conj           100%       2d8       1%          2
c - Fulminant Prism       Conj/Hex       36%        3d18      1%          4
d - Iskenderun's Mystic   Conj/Tloc      73%        2d15      1%          4
e - Flame Wave            Conj/Fire      71%        2d16      1%          4
f - Starburst             Conj/Fire      35%        6d10      12%         6
g - Mephitic Cloud        Conj/Pois/Air  56%        N/A       1%          3
h - Iron Shot             Conj/Erth      41%        9d8       3%          6

Your spell library contained the following spells:

 Spells                   Type           Power      Damage    Failure   Level
 Shock                    Conj/Air       100%       1d9       1%          1
 Passwall                 Tmut/Erth      33%        N/A       1%          2
 Dazzling Flash           Conj/Hex       100%       N/A       1%          3
 Stone Arrow              Conj/Erth      100%       3d13      1%          3
 Confusing Touch          Hex            36%        N/A       4%          3
 Gell's Gravitas          Tloc           36%        N/A       4%          3
 Tukima's Dance           Hex            36%        N/A       4%          3
 Ensorcelled Hibernation  Hex/Ice        48%        N/A       7%          2
 Necrotise                Necr           52%        1d6       12%         1
 Summon Small Mammal      Summ           52%        N/A       12%         1
 Cigotuvi's Dreadful Rot  Necr/Pois/Air  32%        N/A       13%         2
 Summon Guardian Golem    Hex/Summ       24%        N/A       13%         3
 Animate Armour           Summ/Erth      74%        N/A       16%         4
 Passage of Golubria      Tloc           36%        N/A       16%         4
 Airstrike                Air            9%         2d(2-18)  17%         4
 Swiftness                Air            18%        N/A       22%         3
 Ozocubu's Armour         Ice            13%        N/A       34%         3
 Dispel Undead            Necr           13%        3d9       75%         4
 Yara's Violent Unravell  Hex/Tmut       13%        3d7       24%         5
 Summon Forest            Summ/Tloc      12%        N/A       75%         5
 Lehudib's Crystal Spear  Conj/Erth      41%        10d10     75%         8
 Death Channel            Necr           6%         N/A       100%        6
 Simulacrum               Ice/Necr       6%         N/A       100%        6
 Haunt                    Necr/Summ      6%         N/A       100%        7
 Ozocubu's Refrigeration  Ice            6%         4d8       100%        7
 Shatter                  Erth           28%        3d24*     100%        9


Dungeon Overview and Level Annotations

Branches:
Dungeon (12/15)            Temple (1/1) D:4            Lair (5/5) D:9
 Shoals (0/4) Lair:3        Snake (0/4) Lair:3        Slime (0/5) Lair:4
    Orc (0/2) D:10          Sewer (visited)          Bailey (visited)
Gauntlet (visited)

Altars:
Ashenzari
Dithmenos
Elyvilon
Fedhas
Gozag
Hepliaklqana
Kikubaaqudgha
Makhleb
Nemelex Xobeh
Okawaru
Qazlal
Ru
Sif Muna
Trog
Uskayaw
Vehumet
Xom
Yredelemnul
Zin
The Shining One
Jiyva

Shops:
D:4 *   D:8 [   D:10 :   D:11 (

Annotations:
D:12 Frances


Innate Abilities, Weirdness & Mutations

You have razor-sharp teeth.
Your natural rate of healing is unusually fast.
When hurt, damage is shared between your health and your magic reserves.
Your bite disrupts and absorbs the magic of your enemies.
Potions cannot restore your health.


Message History

Casting: Starburst (quite dangerous; 12% risk of failure)
Press: ? - help, Dir - look around, f - activate You feel a surge of power!
The bolt of fire hits the smoke demon.
The smoke demon resists.
The smoke demon is moderately wounded.
The bolt of fire hits the manticore!!
The manticore is almost dead.
The bolt of fire hits Frances!!!
Frances is heavily wounded.
You are engulfed in a cloud of scalding steam.
Frances is engulfed in a cloud of scalding steam.
Frances screams a word of power!
Frances seems to speed up.
The manticore is engulfed in a cloud of scalding steam.
The manticore barely misses you.
The manticore claws you but does no damage.
The manticore completely misses you. The smoke demon gestures at you.
The ball of steam hits you!!
Unknown command.
Casting: Starburst (quite dangerous; 12% risk of failure)
Confirm with . or Enter, or press ? or * to list all spells.
The spell is quite dangerous to miscast (12% risk of failure)!
Continue anyway?
Casting: Starburst (quite dangerous; 12% risk of failure)
Press: ? - help, Dir - look around, f - activate You feel a surge of power!
The bolt of fire hits the smoke demon!
The smoke demon resists.
The smoke demon is moderately wounded.
The bolt of fire hits Frances!!
Frances is severely wounded.
The bolt of fire hits the manticore!!
You kill the manticore!
Vehumet accepts your kill.
You feel your power returning.
Frances chants phrases taken from a devil's mouth.
The iron shot hits you!!!
Ouch! That really hurt!
* * * LOW HITPOINT WARNING * * *
Frances hits you with a +0 trident!
You die...

##.....##.....
##..^.........?
#..............
#..............
#..............
......§........
#.....§@)§.....
#.....3@§§.....
##....§...§....
.#####
.........#.....
......
###..<.....#.#.
...... #####
#####.#....#
......
#.......#
#..#/...$.
......
#.......#
#.###>..##
......
#.......# #.#
#.... ......
#.......#####.#
#.#. ......


You could see Frances (fast) and a smoke demon (summoned).

Vanquished Creatures
  A stone giant (D:11)
  A dire elephant (Lair:5)
  A minotaur (Gauntlet)
  Snorg (Lair:5)
  Josephine (D:11)
  4 hydras
  2 catoblepae
  4 two-headed ogres
  2 boulder beetles
  The ghost of billz999 the Skirmisher, a novice GnHu of Gozag (D:9)
  5 death yaks (Lair:5)
  A deep troll shaman (Lair:5)
  2 skysharks
  A wizard (Gauntlet)
  5 manticores
  An ugly thing (D:11)
  A manticore (shapeshifter) (Gauntlet)
  A cyclops (D:10)
  8 elephants
  2 black mambas
  An elephant (shapeshifter) (Gauntlet)
  12 cane toads
  2 torpor snails
  2 gargoyles
  Psyche (D:8)
  2 kobold demonologists (D:11)
  12 komodo dragons
  3 rime drakes
  A troll (shapeshifter) (Gauntlet)
  2 merfolk (Lair:3)
  3 polar bears
  4 trolls
  A wolf spider simulacrum (Gauntlet)
  13 blink frogs
  A snapping turtle (shapeshifter) (Gauntlet)
  11 dream sheep
  18 yaks
  2 vampires
  3 shadows
  3 centaur simulacra (Gauntlet)
  5 wraiths
  4 wyverns
  2 basilisks
  3 steam dragons
  Grum (D:8)
  3 vampire mosquitoes
  2 nagas (Lair:3)
  A harpy simulacrum (Gauntlet)
  13 water moccasins
  2 acid dragons (D:11)
  A sky beast (D:7)
  5 orc warriors
  4 ice beasts (D:9)
  4 black bears
  2 ogres
  11 wolves
  3 centaurs
  9 kobold brigands
  A phantom (D:5)
  Blork the orc (D:4)
  6 bullfrogs
  2 scorpions
  17 wights
  4 killer bees
  6 wolf zombies (Bailey)
  2 electric eels
  7 vampire bats (Bailey)
  4 howler monkeys
  2 jellies
  Crazy Yiuf (D:7)
  3 orc priests
  2 gnoll boudas
  A hound (D:4)
  4 iguanas
  2 sleepcaps (D:7)
  14 orc wizards
  6 hell rats (Lair:5)
  Natasha (thrice) (D:2)
  14 adders
  7 gnolls
  2 river rats (Sewer)
  A shadow imp (Gauntlet)
  A howler monkey simulacrum (D:9)
  4 white imps (D:9)
  An ufetubus (D:5)
  4 worms
  3 dart slugs
  21 orcs
  13 endoplasms
  4 giant cockroaches
  8 goblins
  11 hobgoblins
  3 jackals (D:1)
  6 quokkas
  18 ball pythons
  7 bats
  7 frilled lizards
  30 kobolds
  19 orc zombies (Bailey)
  19 rats
  A bush (Lair:5)
509 creatures vanquished.

Vanquished Creatures (others)
  A kobold brigand (D:10)
  An orc wizard (D:11)
  A kobold (D:10)
  12 fulminant prisms
  23 fungi
  40 plants
  4 withered plants (Gauntlet)
82 creatures vanquished.

Grand Total: 591 creatures vanquished

Notes
Turn   | Place    | Note
-------+----------+-------------------------------------------
     0 | D:1      | Iniera the Vine Stalker Conjurer began the quest for the
                  | Orb.
     0 | D:1      | Reached XP level 1. HP: 9/9 MP: 4/4
   211 | D:1      | Reached XP level 2. HP: 12/13 MP: 6/6
   234 | D:1      | Learned a level 2 spell: Searing Ray
   663 | D:1      | Reached XP level 3. HP: 16/16 MP: 4/7
   838 | D:1      | Reached skill level 5 in Conjurations
  1464 | D:2      | Gained mutation: Your natural rate of healing is unusually
                  | fast. [Vine Stalker growth]
  1464 | D:2      | Reached XP level 4. HP: 21/21 MP: 4/8
  1804 | D:2      | Noticed Natasha
  1816 | D:2      | Killed Natasha
  2087 | D:2      | Noticed Natasha
  2093 | D:2      | Killed Natasha
  2094 | D:2      | Reached XP level 5. HP: 16/24 MP: 5/10
  2139 | D:2      | Noticed Natasha
  2144 | D:2      | Killed Natasha
  2145 | D:2      | Reached skill level 1 in Hexes
  2145 | D:2      | Reached skill level 1 in Translocations
  2153 | D:2      | Learned a level 4 spell: Fulminant Prism
  2400 | D:2      | Found a faded altar of an unknown god.
  2614 | D:3      | Found a glowing drain.
  2624 | Sewer    | Entered a sewer
  2659 | Sewer    | Noticed a kobold brigand
  2674 | Sewer    | Killed a kobold brigand
  2675 | Sewer    | Reached skill level 6 in Conjurations
  2675 | Sewer    | Reached XP level 6. HP: 18/28 MP: 0/11
  2683 | Sewer    | Learned a level 4 spell: Iskenderun's Mystic Blast
  3208 | Sewer    | Reached skill level 1 in Fighting
  3208 | Sewer    | Reached XP level 7. HP: 15/33 MP: 3/13
  5047 | D:4      | Found a staircase to the Ecumenical Temple.
  5056 | Temple   | Entered the Ecumenical Temple
  5287 | Temple   | Became a worshipper of Vehumet
  5392 | D:4      | Noticed Blork the orc
  5403 | D:4      | Killed Blork the orc
  5404 | D:4      | Reached skill level 7 in Conjurations
  5711 | D:4      | Found Bunluox's General Store.
  5716 | D:4      | Bought a +1 buckler of reflection for 148 gold pieces
  5817 | D:5      | Entered Level 5 of the Dungeon
  5874 | D:5      | Gained mutation: You have razor-sharp teeth. [Vine Stalker
                  | growth]
  5874 | D:5      | Reached XP level 8. HP: 33/37 MP: 11/15
  5888 | D:5      | Reached skill level 1 in Shields
  6390 | D:5      | Reached * piety under Vehumet
  6390 | D:5      | Offered knowledge of Foxfire by Vehumet.
  6646 | D:5      | Found a hide-covered altar of Uskayaw.
  6744 | D:5      | Found a blossoming altar of Fedhas.
  6745 | D:5      | Found an ancient bone altar of Kikubaaqudgha.
  7099 | D:6      | Reached skill level 8 in Conjurations
  7206 | D:6      | Reached skill level 5 in Spellcasting
  7271 | D:6      | Reached XP level 9. HP: 35/41 MP: 15/17
  7711 | D:6      | Found a white marble altar of Elyvilon.
  7728 | D:6      | Found a glowing golden altar of the Shining One.
  8190 | D:7      | Offered knowledge of Scorch by Vehumet.
  8251 | D:7      | You fall into a shaft and drop 3 floors!
  8251 | D:10     | Entered Level 10 of the Dungeon
  8251 | D:10     | Found Femmios's Book Boutique.
  8262 | D:9      | Found a runed translucent gate.
  8265 | D:9      | Found a runed translucent gate.
  8266 | D:9      | Found a runed translucent gate.
  8330 | D:8      | Reached ** piety under Vehumet
  8473 | D:7      | Reached skill level 9 in Conjurations
  8491 | D:7      | Found a flagged portal.
  8500 | Bailey   | Entered a bailey
  8733 | Bailey   | Offered knowledge of Inner Flame by Vehumet.
  8824 | Bailey   | Noticed a gargoyle
  8841 | Bailey   | Killed a gargoyle
  8841 | Bailey   | Reached *** piety under Vehumet
  8842 | Bailey   | Reached XP level 10. HP: 27/47 MP: 13/20
  8938 | Bailey   | Identified the +0 robe "Lodiamuc" {rN+ rCorr}
  9018 | Bailey   | Identified the staff of air "Ibbap" {Fly rElec rCorr Dex+3}
  9020 | Bailey   | Identified the +3 ring mail of Amorality {Int+2}
  9183 | D:7      | Found a shadowy altar of Dithmenos.
  9183 | D:7      | Found a shimmering blue altar of Sif Muna.
  9387 | D:7      | Found a runed translucent door.
  9388 | D:7      | Noticed Crazy Yiuf
  9520 | D:7      | Killed Crazy Yiuf
  9703 | D:8      | Noticed Grum
  9709 | D:8      | Killed Grum
  9710 | D:8      | Offered knowledge of Flame Wave by Vehumet.
  9723 | D:8      | Learned a level 4 spell: Flame Wave
  9742 | D:8      | Noticed a two-headed ogre
  9749 | D:8      | Killed a two-headed ogre
  9750 | D:8      | Reached skill level 1 in Fire Magic
 10045 | D:8      | Noticed Joseph
 10047 | D:8      | Joseph changed into Joseph the basilisk
 10047 | D:8      | Noticed Joseph
 10055 | D:8      | Killed Joseph the basilisk
 10114 | D:8      | Found Hial's Armour Shoppe.
 10119 | D:8      | Bought a +1 pair of gloves for 149 gold pieces
 10230 | D:8      | Noticed Psyche
 10239 | D:8      | Killed Psyche
 10240 | D:8      | Reached skill level 10 in Conjurations
 10683 | D:9      | Noticed a two-headed ogre
 10690 | D:9      | Reached skill level 1 in Armour
 10695 | D:9      | Killed a two-headed ogre
 10696 | D:9      | Reached XP level 11. HP: 53/53 MP: 19/23
 10700 | D:9      | Reached **** piety under Vehumet
 10787 | D:9      | Found a shimmering altar of Xom.
 10857 | D:9      | Found a staircase to the Lair.
 10998 | D:9      | Noticed billz999's ghost (novice GnHu)
 11063 | D:9      | Offered knowledge of Mephitic Cloud by Vehumet.
 11096 | D:9      | Learned a level 3 spell: Mephitic Cloud
 11259 | D:9      | Noticed a two-headed ogre
 11270 | D:9      | Killed a two-headed ogre
 11370 | D:9      | Found an iron altar of Okawaru.
 11770 | D:10     | Got Oqepof's Incunabulum of the Sepulchral Gang
 12071 | D:10     | Noticed a cyclops
 12084 | D:10     | Reached skill level 5 in Fighting
 12088 | D:10     | Killed a cyclops
 12447 | D:10     | Found a staircase to the Orcish Mines.
 13029 | D:4      | Bought a book of Armaments for 396 gold pieces
 13033 | D:4      | Learned a level 3 spell: Stone Arrow
 13168 | Lair:1   | Entered Level 1 of the Lair of Beasts
 13292 | Lair:1   | Noticed a boulder beetle
 13313 | Lair:1   | Killed a boulder beetle
 13314 | Lair:1   | Reached skill level 1 in Transmutations
 13314 | Lair:1   | Reached skill level 1 in Air Magic
 13314 | Lair:1   | Reached skill level 1 in Earth Magic
 13314 | Lair:1   | Reached skill level 1 in Poison Magic
 13733 | Lair:1   | You fall into a shaft and drop 1 floor!
 13736 | Lair:2   | Reached ***** piety under Vehumet
 13747 | Lair:2   | Offered knowledge of Lee's Rapid Deconstruction by Vehumet.
 13748 | Lair:2   | Reached skill level 11 in Conjurations
 13887 | Lair:2   | Found a gate leading to a gauntlet.
 13897 | Gauntlet | Entered a Gauntlet
 13897 | Gauntlet | Found a transporter.
 13897 | Gauntlet | Found a transporter.
 13906 | Gauntlet | Noticed a fire crab
 13909 | Gauntlet | Found a transporter.
 13924 | Gauntlet | Found a transporter.
 13925 | Gauntlet | Noticed a fire dragon
 13927 | Gauntlet | Found a transporter.
 13927 | Gauntlet | a fire dragon changed into a wolf spider
 13927 | Gauntlet | Noticed a wolf spider (glowing shapeshifter)
 13929 | Gauntlet | Found a transporter.
 13929 | Gauntlet | Found a transporter.
 13930 | Gauntlet | Found a transporter.
 13934 | Gauntlet | a wolf spider changed into a two-headed ogre
 13934 | Gauntlet | Noticed a two-headed ogre (glowing shapeshifter)
 13935 | Gauntlet | a two-headed ogre changed into a swamp worm
 13936 | Gauntlet | a human changed into an entropy weaver
 13936 | Gauntlet | Noticed an entropy weaver (shapeshifter)
 13941 | Gauntlet | Found a transporter.
 13956 | Gauntlet | Noticed a catoblepas
 13957 | Gauntlet | Found a transporter.
 13965 | Gauntlet | Noticed a dire elephant
 13967 | Gauntlet | Found a transporter.
 13982 | Gauntlet | Found a transporter.
 13999 | Gauntlet | Noticed a fire crab
 13999 | Gauntlet | a fire crab changed into an elephant
 14002 | Gauntlet | Found a transporter.
 14002 | Gauntlet | Noticed a wizard
 14014 | Gauntlet | Found a transporter.
 14053 | Gauntlet | Killed a wizard
 14054 | Gauntlet | Reached XP level 12. HP: 60/60 MP: 25/26
 14062 | Gauntlet | Identified the +1 helmet of Tudghesum {Regen+}
 14097 | Gauntlet | Noticed a quicksilver ooze
 14100 | Gauntlet | a quicksilver ooze changed into a satyr
 14100 | Gauntlet | Noticed a satyr (glowing shapeshifter)
 14101 | Gauntlet | a satyr changed into a goliath frog
 14118 | Gauntlet | Noticed a shock serpent
 14121 | Gauntlet | a shock serpent changed into a water nymph
 14435 | Gauntlet | Noticed a minotaur
 14452 | Gauntlet | Killed a minotaur
 14521 | Gauntlet | Got the Almanac of Coarse Ill Luck
 14524 | Gauntlet | Got the Book of Position
 14651 | Lair:2   | Reached skill level 10 in Spellcasting
 14807 | Lair:2   | Reached skill level 5 in Earth Magic
 15254 | Lair:3   | Found a staircase to the Snake Pit.
 15352 | Lair:3   | Reached skill level 12 in Conjurations
 15410 | Lair:3   | Found a staircase to the Shoals.
 15932 | Lair:3   | Noticed a six-headed hydra
 15937 | Lair:3   | Killed a six-headed hydra
 16254 | Lair:3   | Noticed a catoblepas
 16272 | Lair:3   | Killed a catoblepas
 16560 | Lair:3   | Noticed a boulder beetle
 16568 | Lair:3   | Killed a boulder beetle
 16569 | Lair:3   | Reached XP level 13. HP: 43/64 MP: 7/28
 16975 | Lair:4   | Reached skill level 13 in Conjurations
 17029 | Lair:4   | Found a viscous altar of Jiyva.
 17029 | Lair:4   | Found a staircase to the Slime Pits.
 17735 | Lair:5   | Entered Level 5 of the Lair of Beasts
 17775 | Lair:5   | Noticed Snorg
 17787 | Lair:5   | Killed Snorg
 17993 | Lair:5   | Learned a level 6 spell: Iron Shot
 18410 | Lair:5   | HP: 3/64 [six-headed hydra (1)]
 18410 | Lair:5   | HP: 1/64 [seven-headed hydra (2)]
 18442 | Lair:5   | Reached skill level 14 in Conjurations
 19222 | Lair:5   | Reached XP level 14. HP: 53/69 MP: 12/29
 19389 | Lair:5   | Reached skill level 5 in Shields
 19419 | Lair:5   | Offered knowledge of Starburst by Vehumet.
 19427 | Lair:5   | Learned a level 6 spell: Starburst
 19546 | Lair:5   | Noticed a dire elephant
 19559 | Lair:5   | Killed a dire elephant
 19657 | Lair:5   | Identified the staff of air "Yfutsigg" {rElec rF++}
 20233 | D:9      | Killed billz999's ghost
 20234 | D:9      | Reached skill level 1 in Staves
 20249 | D:9      | Identified a scroll of acquirement
 20254 | D:9      | Acquired 1320 gold pieces
 20263 | D:9      | Acquired the staff of conjuration "Loiroled" {Drain rElec
                  | Str+4 Dex+5}
 20335 | D:9      | Got the ring of Votipas {Fire Drain Will+++ Str+3 Int-4}
 20393 | D:11     | Noticed Josephine
 20397 | D:11     | Killed Josephine
 20404 | D:11     | Reached skill level 5 in Dodging
 20541 | D:11     | Found Seeptef's Weapon Shoppe.
 20755 | D:11     | Noticed a stone giant
 20758 | D:11     | Killed a stone giant
 20905 | D:11     | Identified the staff of death "Seuloet" {Fragile +Blink rN+
                  | Int+2}
 22081 | D:12     | Noticed Frances
 22090 | D:12     | Mangled by Frances

Illustrated notes

Levels and vault maps discovered:
D:1:      dpeg_arrival_lava_altar, layout_basic, chequers_serial_rivers_micro_e,
          kennysheep_flooded_box, minmay_shallow_snake_nest
D:2:      layout_basic, ebering_ecumenical_altar_webs, minmay_hexomino_p4,
          uniq_natasha
D:3:      layout_basic, portal_sewer_entry_b
D:4:      layout_rooms, temple_pool_b, serial_shops, shop, uniq_blork_the_orc
D:5:      cheibrodos_thug_alley, layout_loops_ring,
          grunt_temple_overflow_growth_and_decay, mainiacjoe_overflow_chevrons,
          minmay_misc_feat_four_crosses, minmay_misc_feat_rows
D:6:      layout_loops_ring, mainiacjoe_overflow_big_doors,
          minmay_a_box_with_orc_wizards_in_it
D:7:      layout_basic, gammafunk_temple_overflow_elements, enter_bailey_1,
          minmay_splitting_lines, grunt_decor_resistance, moated_statue,
          uniq_crazy_yiuf_cottage
D:8:      layout_basic, serial_shops, kennysheep_little_box, uniq_psyche,
          uniq_joseph, uniq_grum
D:9:      layout_cave_pools, mainiacjoe_overflow_catwalk_spiral,
          dpeg_oklobed_lair, gammafunk_ghost_icy, chequers_decorated_corner,
          columned_hall_lemuel, roderic_lattice_a, lemuel_flame_loot_1
D:10:     wad_river_or_something, layout_basic, orc_0_dummy, serial_shops,
          shop_statue
D:11:     nzn_winding_woodlands_small [nzn_winding_woodlands_5x15_longhouse,
          nzn_winding_woodlands_center_diamonds,
          nzn_winding_woodlands_5x15_sidewinder], layout_long_grid,
          serial_shops, nicolae_shop_advertising_works
          [nicolae_subvault_shop_adworks], bh_walls_and_bars, uniq_josephine
D:12:     layout_rooms, uniq_frances
Temple:   nicolae_temple_figure_eight
Lair:1:   layout_hall_layers, grunt_megastairs_3
Lair:2:   layout_gridlike, gauntlet_entry_generic, infiniplex_staircase_pool_2,
          lemuel_fruit_fields, serial_bayou_shore_b
Lair:3:   layout_layer_cave, elwin_shoals_entry_rooms,
          guppyfry_snake_entry_garden, grunt_megastairs_2, lemuel_fruit_tree
Lair:4:   layout_gridlike, slime_entry_1
Lair:5:   grunt_lair_end_beastmaster, layout_gridlike, grunt_megastairs_4,
          uniq_snorg

Skill      XL: |  1  2  3  4  5  6  7  8  9 10 11 12 13 14 |
---------------+-------------------------------------------+-----
Conjurations   | 5 6 7 8 9 10 11 12 14 | 14.3
Spellcasting   | 3 4 5 6 7 9 10 | 10.9
Hexes          | 1 2 3 4 |  4.7
Translocations | 1 2 3 4 |  4.8
Fighting       | 1 2 4 5 6 |  6.9
Shields        | 3 4 5 |  5.8
Dodging        | 2 3 4 5 |  5.2
Fire Magic     | 2 3 |  3.6
Armour         | 1 3 4 |  4.7
Transmutations | 1 |  1.2
Air Magic      | 1 |  1.2
Earth Magic    | 3 6 9 |  9.9
Poison Magic   | 1 |  1.1
Staves         | 3 |  3.4
Stealth        | |  2.4
Evocations     | |  0.5

Action                     |  1- 3 |  4- 6 |  7- 9 | 10-12 | 13-15 || total
---------------------------+-------+-------+-------+-------+-------++-------
  Melee: Unarmed           |    28 |       |       |       |       ||    28
         Bite              |    12 |     9 |    95 |   128 |   131 ||   375
         Staff             |    20 |     5 |       |       |    75 ||   100
         Dagger            |       |    25 |       |       |       ||    25
         Short sword       |       |    20 |   295 |   390 |   276 ||   981
         Punch             |       |     1 |       |       |       ||     1
   Cast: Magic Dart        |    65 |    62 |   133 |    19 |       ||   279
         Searing Ray       |       |     4 |    15 |    13 |     1 ||    33
         Fulminant Prism   |       |     3 |     1 |     4 |     4 ||    12
         Iskenderun's Myst |       |       |     3 |    19 |     9 ||    31
         Flame Wave        |       |       |       |    22 |    17 ||    39
         Stone Arrow       |       |       |       |    71 |    29 ||   100
         Mephitic Cloud    |       |       |       |     1 |       ||     1
         Iron Shot         |       |       |       |       |    51 ||    51
         Starburst         |       |       |       |       |     6 ||     6
  Evoke: Wand              |       |       |       |     3 |       ||     3
    Use: Scroll            |     1 |     6 |    11 |     8 |    12 ||    38
         Potion            |       |       |     1 |     4 |       ||     5
   Stab: Sleeping          |       |       |     4 |     2 |       ||     6
         Petrified         |       |       |       |       |     6 ||     6
 Armour: Robe              |    10 |     5 |    54 |     2 |       ||    71
         Ring mail         |       |       |       |   159 |   193 ||   352
         Skin              |       |       |       |     1 |       ||     1
  Dodge: Dodged            |    32 |    20 |   231 |   331 |   376 ||   990
  Block: Buckler           |       |       |    84 |   145 |   160 ||   389
         Reflection        |       |       |     3 |     6 |     5 ||    14

Table legend: (Time is in decaauts)
 A = Elapsed time spent in this place.
 B = Non-inter-level travel time spent in this place.
 C = Inter-level travel time spent in this place.
 D = Time resting spent in this place.
 E = Time spent auto-exploring this place.
 F = Levels seen in this place.
 G = Mean time per level.
                   A        B        C        D        E       F      G
               +--------+--------+--------+--------+--------+-----+--------+
         Total |  22356 |  21345 |   1011 |   1406 |  16008 |  21 | 1064.6 |
       Dungeon |  13292 |  12569 |    723 |    751 |   9772 |  12 | 1107.7 |
        Temple |    243 |    207 |     36 |      0 |    206 |   1 |  243.0 |
          Lair |   6385 |   6135 |    250 |    336 |   4689 |   5 | 1277.0 |
         Sewer |   1244 |   1244 |      0 |    187 |    818 |   1 | 1244.0 |
        Bailey |    574 |    574 |      0 |     19 |    275 |   1 |  574.0 |
      Gauntlet |    615 |    615 |      0 |    112 |    247 |   1 |  615.0 |
               +--------+--------+--------+--------+--------+-----+--------+

Top non-repeatable levels by time:
  Lair:5: 1972 daAuts
     D:9: 1672 daAuts
  Lair:3: 1611 daAuts
     D:3: 1373 daAuts
     D:1: 1316 daAuts
    D:11: 1298 daAuts
     D:2: 1253 daAuts
   Sewer: 1244 daAuts
     D:6: 1182 daAuts
     D:5: 1140 daAuts
  Lair:4: 1121 daAuts
     D:7: 1062 daAuts
     D:8: 1011 daAuts
    D:10: 989 daAuts
  Lair:2: 901 daAuts
